Map: World of Sleepers LE

Players

pHARM

  • Race: Zerg Zerg
  • League: Platinum
  • Spawn Location: 7:00

BigTrolol - Winner!

  • Race: Terran Terran
  • League: Platinum
  • Spawn Location: 1:00

VOD

Have the link to the VOD?

Description

Time

  • Played on: Oct. 6, 2019, 1:22 a.m.
  • Length: 14:59
Show
View Real Time Build Order
Export as new Build Order

pHARM Zerg 

Build Orders: Hatch First 

Get SALT Encoding   

  12  0:02  Drone  
  13  0:13  Overlord  
  13  0:21  Drone  
  14  0:38  Drone x3  
  17  0:55  Hatchery  
  16  1:00  Drone  
  17  1:16  Spawning Pool  
  17  1:17  Drone x2  
  18  1:22  Drone  
  19  1:34  Drone  
  20  1:43  Extractor  
  19  1:49  Drone  
  20  1:58  Overlord  
  20  2:10  Zergling x2  
  20  2:11  Zergling x2, Queen x2  
  26  2:16  Drone  
  27  2:34  Spine Crawler  
  24  2:46  Zergling x10  
  29  2:54  Drone  
  30  3:09  Drone  
  30  3:10  Drone x3  
  30  3:11  Metabolic Boost  
  34  3:25  Drone x2  
  36  3:27  Overlord x2  
  36  3:45  Drone x5  
  36  3:46  Drone  
  37  3:59  Drone x4  
  40  4:05  Queen  
  42  4:13  Roach Warren  
  41  4:18  Evolution Chamber  
  41  4:21  Evolution Chamber  
  39  4:27  Drone x4  
  43  4:33  Overlord x2  
  43  4:42  Queen, Extractor  
  43  4:43  Extractor  
  43  4:54  Spore Crawler  
  43  4:55  Spore Crawler  
  43  4:59  Spore Crawler x2  
  39  5:01  Spore Crawler  
  38  5:08  Lair  
  38  5:15  Spore Crawler  
  38  5:20  Drone x12  
  49  5:50  Overlord x4  
  49  5:51  Overlord  
  49  6:03  Hatchery  
  48  6:15  Roach  
  48  6:16  Roach x5  
  60  6:28  Zerg Ground Armor Level 1  
  60  6:33  Zerg Missile Weapons Level 1  
  60  6:53  Hydralisk Den  
  53  7:02  Drone  
  53  7:03  Drone x8  
  62  7:48  Grooved Spines  
  62  7:56  Baneling Nest  
  61  8:10  Spire  
  61  8:11  Drone x9  
  61  8:12  Drone x9  
  76  8:45  Extractor  
  76  8:48  Extractor  
  73  8:59  Muscular Augments  
  72  9:13  Roach x5  
  72  9:15  Overlord x4  
  82  9:23  Extractor  
  81  9:24  Lair  
  81  9:26  Overlord  
  81  9:27  Overlord x2  
  81  9:47  Infestation Pit  
  81  9:48  Zerg Flyer Armor Level 1  
  80  9:56  Hydralisk x13  
  106  10:11  Hatchery  
  105  10:32  Zergling x16  
  105  10:33  Zergling x6  
  116  10:42  Hive  
  116  10:46  Centrifical Hooks  
  116  11:02  Zergling x16  
  124  11:11  Hatchery  
  122  11:53  Baneling x11  
  122  11:54  Baneling x21  
  122  11:58  Zergling x36  
  122  11:59  Zergling x6  
  80  12:35  Zergling x2  
  80  12:36  Zergling x28  
  75  13:01  Greater Spire  
  73  13:14  Ultralisk Cavern  
  68  13:30  Drone x4  
  68  13:31  Drone x7  
  79  13:37  Baneling x19  
  79  13:38  Overlord  
  79  13:39  Overlord x5  
  79  13:47  Hatchery  
  76  14:38  Drone x3  
  79  14:46  Drone  
  79  14:47  Drone x2  
Show
View Real Time Build Order
Export as new Build Order

BigTrolol Terran - Winner!

Build Orders: Hellion Opening, Reaper Expand 

Get SALT Encoding   

  12  0:00  SCV  
  13  0:12  SCV  
  14  0:17  Supply Depot  
  14  0:24  SCV  
  15  0:38  SCV  
  15  0:39  Barracks  
  16  0:43  Refinery  
  16  0:50  SCV  
  17  1:02  SCV  
  18  1:15  SCV  
  19  1:26  Reaper  
  19  1:27  Orbital Command  
  20  1:39  Command Center  
  20  1:50  Supply Depot  
  20  1:53  SCV  
  21  1:58  Marine  
  22  2:03  Refinery  
  22  2:08  Factory  
  22  2:15  SCV  
  23  2:20  Barracks Reactor  
  23  2:27  SCV  
  24  2:46  SCV  
  24  2:51  Orbital Command  
  24  2:52  Starport  
  24  3:00  SCV  
  24  3:04  Hellion x2  
  29  3:07  Orbital Command, Barracks Tech Lab  
  29  3:14  SCV  
  30  3:25  Hellion x2  
  34  3:28  Marine  
  34  3:29  Stimpack, Viking  
  34  3:33  SCV  
  38  3:35  SCV  
  38  3:38  Supply Depot  
  39  3:46  Marine  
  39  3:47  Hellion x2  
  41  3:58  SCV x2  
  41  4:01  Medivac, Supply Depot  
  45  4:08  Marine  
  45  4:09  Hellion  
  48  4:10  SCV  
  48  4:11  SCV, Hellion  
  52  4:23  SCV x2, Supply Depot  
  54  4:27  Marine  
  55  4:40  Barracks  
  55  4:41  Factory Tech Lab, SCV  
  55  4:44  Command Center  
  56  4:58  Marine  
  57  5:00  Siege Tank  
  57  5:02  Starport Reactor  
  57  5:03  SCV x2  
  62  5:07  Supply Depot  
  62  5:09  Engineering Bay  
  62  5:10  Refinery  
  62  5:15  SCV  
  62  5:16  SCV  
  62  5:18  Marine, Combat Shield  
  65  5:27  SCV  
  66  5:30  Supply Depot  
  66  5:33  Siege Tank  
  69  5:36  Liberator  
  69  5:38  SCV  
  69  5:39  Terran Infantry Weapons Level 1  
  70  5:44  Liberator  
  70  5:45  SCV  
  70  5:47  Marine x3  
  74  5:50  SCV  
  78  5:57  Orbital Command  
  78  5:59  Supply Depot  
  78  6:02  SCV  
  82  6:07  Supply Depot  
  82  6:19  SCV x2  
  84  6:26  Supply Depot  
  84  6:30  Marine x3  
  84  6:31  Siege Tank, SCV x2  
  93  6:36  Orbital Command  
  92  6:43  SCV  
  92  6:44  Factory  
  92  6:45  SCV  
  94  6:48  Marine  
  95  6:55  SCV  
  94  7:03  Siege Tank  
  94  7:06  SCV x2  
  99  7:10  SCV  
  100  7:18  SCV, Viking  
  100  7:20  Unknown  
  103  7:28  SCV x2  
  105  7:30  SCV  
  105  7:35  Supply Depot x2  
  106  7:40  Marine x2, SCV x2  
  106  7:41  Siege Tank, Marauder  
  106  7:42  SCV  
  116  7:48  Supply Depot  
  116  7:56  SCV x2  
  118  7:58  Supply Depot  
  118  8:02  Marauder  
  118  8:03  SCV  
  121  8:08  SCV x2  
  123  8:15  SCV  
  124  8:20  Refinery  
  124  8:21  SCV x2  
  124  8:22  Terran Infantry Armor Level 1  
  124  8:25  Marine x2, Engineering Bay  
  124  8:26  Viking x2  
  124  8:27  Factory Tech Lab, Armory  
  132  8:28  Marine, Sensor Tower  
  132  8:29  Starport  
  132  8:30  Concussive Shells  
  132  8:33  Command Center  
  133  8:35  Command Center  
  133  8:37  Barracks  
  133  8:41  Barracks  
  133  8:42  Marine  
  133  8:43  Marine  
  133  8:45  SCV x2  
  133  8:46  SCV  
  138  8:59  Marine, SCV x2  
  138  9:00  Marine x2, Siege Tank x2  
  138  9:02  Viking  
  148  9:04  SCV  
  149  9:11  SCV  
  149  9:14  SCV  
  149  9:16  SCV  
  152  9:17  Marauder, Terran Vehicle Weapons Level 1  
  152  9:18  Terran Infantry Weapons Level 2  
  154  9:25  Starport Reactor  
  154  9:27  Marine  
  154  9:29  Barracks Reactor x2  
  155  9:37  Missile Turret  
  155  9:44  Siege Tank, SCV x2  
  160  9:46  Marine x3, Missile Turret x2  
  160  9:47  Widow Mine  
  160  9:51  SCV, Missile Turret  
  166  9:53  Missile Turret  
  166  9:54  Refinery, Missile Turret, Planetary Fortress  
  166  9:56  SCV  
  167  10:03  Marine, SCV x2  
  167  10:04  Marine, Reaper  
  172  10:08  SCV  
  172  10:09  Widow Mine  
  172  10:11  Marine  
  172  10:12  Marine x2  
  172  10:13  Medivac x2  
  182  10:15  SCV  
  182  10:16  Sensor Tower  
  182  10:17  Widow Mine  
  182  10:20  SCV x2  
  187  10:21  Terran Infantry Armor Level 2  
  187  10:32  Orbital Command, Refinery  
  187  10:54  Supply Depot  
  187  10:55  Supply Depot  
  187  10:57  Marine x3, SCV, Marauder  
  187  10:58  Supply Depot, Widow Mine  
  187  10:59  Missile Turret  
  187  11:00  Marine x3, Widow Mine  
  200  11:11  Sensor Tower  
  192  11:56  Marine  
  192  11:57  Marine x5, Marauder  
  161  12:35  Marine x4  
  161  12:36  Marine x2, Marauder  
  155  12:37  Siege Tank x2, Medivac x3  
  139  12:53  Marine x2  
  139  12:56  SCV  
  139  12:57  SCV, Marauder  
  145  13:06  Drilling Claws  
  145  13:09  Siege Tank x2  
  151  13:17  Marine x2, Medivac x3  
  151  13:18  Marine x4  
  163  13:26  Sensor Tower  
  163  13:37  SCV x2  
  163  13:38  Marine x7  
  163  13:41  Siege Tank x2  
  175  13:44  SCV x2  
  176  14:07  Refinery  
  176  14:12  Refinery  
  166  14:25  Marine x5  
  166  14:26  Siege Tank x2, Marauder  
  174  14:36  Marine  
  181  14:42  SCV x3  
Tags
 
Add a new tag
Caveats
  • Supply blocks, unpowered buildings, or Contaminate may cause inaccurate times.
  • Supply counts are checked every 10 seconds.